 Dungeon Crawl Stone Soup version 0.32-a0-616-g9348d4545b (webtiles) character file.

Game seed: 9503733584825780691

5531 zenocrate the Conjurer (level 10, -9/63 HPs)
             Began as an Octopode Earth Elementalist on Mar 5, 2024.
             Was an Initiate of Gozag.
             Shot with an arrow by a centaur (15 damage)
             ... on level 8 of the Dungeon.
             The game lasted 00:13:33 (9208 turns).

zenocrate the Conjurer (OpEE)                       Turns: 9208, Time: 00:13:34

Health: -9/63      AC:  1    Str:  8    XL:     10   Next: 71%
Magic:  13/19      EV: 14    Int: 20    God:    Gozag
Gold:   45         SH:  0    Dex: 22    Spells: 8/21 levels left

rFire   . . .        b - +8 scimitar "Rifeuna" {flame, Int-2 Dex+4 Stlth+}
rCold   . . .        (no shield)
rNeg    . . .        (helmet restricted)
rPois   .            (no amulet)
rElec   .            e - +6 ring of dexterity
rCorr   +            l - ring of resist corrosion
SInv    .            (no ring)
Will    .....        (no ring)
Stlth   +++++        (no ring)
HPRegen 0.30/turn    (no ring)
MPRegen 0.16/turn    (no ring)
                     (no ring)

%: no passive effects
@: very slightly contaminated, studying Staves
A: almost no armour, amphibious, 8 rings, camouflage 1, gelatinous body 1,
(nimble swimmer 1), tentacles
a: Renounce Religion, Potion Petition, Call Merchant, Bribe Branch


You were on level 8 of the Dungeon.
You worshipped Gozag.
Gozag was noncommittal.
You visited 2 branches of the dungeon, and saw 9 of its levels.
You also visited: Sewer.

You collected 708 gold pieces.
You spent 20 gold pieces at shops.
You paid 643 gold pieces to Gozag.

Inventory:

Hand Weapons
 a - a +2 dagger of speed
 b - the +8 scimitar "Rifeuna" (weapon) {flame, Int-2 Dex+4 Stlth+}
   (You found it on level 2 of the Dungeon)

   Int-2:     It affects your intelligence (-2).
   Dex+4:     It affects your dexterity (+4).
   Stlth+:    It makes you more stealthy.
Missiles
 A - a throwing net
Armour
 E - a +0 kite shield
Jewellery
 e - a +6 ring of dexterity (left tentacle)
 l - a ring of resist corrosion (right tentacle)
 D - an amulet of reflection
Talismans
 c - a serpent talisman
Wands
 k - a wand of flame (13)
 q - a wand of polymorph (13)
 w - a wand of mindburst (4)
Scrolls
 d - 2 scrolls of vulnerability
 g - a scroll of poison {unknown}
 i - a scroll of acquirement {unknown}
 j - 6 scrolls of teleportation
 o - a scroll of noise {unknown}
 p - a scroll of fog {unknown}
 t - 2 scrolls of blinking
 x - a scroll of enchant weapon
 y - 2 scrolls of brand weapon {unknown}
Potions
 f - 3 potions of lignification
 h - a potion of invisibility
 m - 3 potions of enlightenment
 n - 2 potions of haste
 r - a potion of mutation
 s - 2 potions of brilliance
 v - a potion of might
 z - a potion of heal wounds {unknown}
 B - 2 potions of magic
 C - a potion of berserk rage {unknown}


   Skills:
 + Level 3.2 Fighting
 + Level 5.4 Long Blades
 - Level 2.0 Dodging
 - Level 2.6 Stealth
 - Level 3.5 Unarmed Combat
 - Level 6.2 Spellcasting
 + Level 7.4 Conjurations
 + Level 3.2 Air Magic
 - Level 7.1 Earth Magic
 + Level 3.6 Alchemy
 - Level 5.0 Evocations


You had 8 spell levels left.
You knew the following spells:

 Your Spells              Type           Power      Damage    Failure   Level
a - Stone Arrow           Conj/Erth      70%        3d11      1%          3
b - Sandblast             Erth           70%        2d15      1%          1
c - Petrify               Alch/Erth      27%        N/A       11%         4
d - Mephitic Cloud        Conj/Alch/Air  25%        N/A       4%          3
x - Blink                 Tloc           12%        N/A       16%         2

Your spell library contained the following spells:

 Spells                   Type           Power      Damage    Failure   Level
 Passwall                 Erth           35%        N/A       1%          3
 Mercury Vapours          Alch/Air       40%        N/A       3%          2
 Momentum Strike          Conj/Tloc      42%        3d9       3%          2
 Brom's Barrelling Bould  Conj/Erth      35%        2d5       4%          4
 Lesser Beckoning         Tloc           12%        N/A       16%         2
 Call Canine Familiar     Summ           6%         N/A       30%         3
 Sigil of Binding         Hex            6%         N/A       30%         3
 Freezing Cloud           Conj/Ice/Air   10%        6-21      54%         5
 Dimensional Bullseye     Hex/Tloc       3%         N/A       71%         4


Dungeon Overview and Level Annotations

Branches:
Dungeon (8/15)             Temple (1/1) D:5           Sewer (visited)
   Lair: D:8-11

Altars:
Cheibriados
Dithmenos
Elyvilon
Fedhas
Gozag
Hepliaklqana
Kikubaaqudgha
Makhleb
Nemelex Xobeh
Okawaru
Qazlal
Ru
Sif Muna
Trog
Uskayaw
Vehumet
Wu Jian
Xom
Yredelemnul
Zin
The Shining One

Shops:
D:4 (?


Innate Abilities, Weirdness & Mutations

You cannot wear most types of armour.
You are amphibious.
You can wear up to eight rings at the same time.
Your skin changes colour to match your surroundings (Stealth+).
Your rubbery body absorbs attacks. (AC +1, EV +1)
((You are camouflaged when in or above water. (Stealth+)))
You have tentacles for arms and can constrict up to eight enemies at once.


Message History

Unknown command.
The gnoll sergeant blocks your attack.
You grab the gnoll sergeant.
The gnoll sergeant is almost dead.
You constrict the gnoll sergeant.
You feel sick.
The gnoll sergeant hits you with a +2 spear of venom!
* * * LOW HITPOINT WARNING * * *
Unknown command.
You hit the gnoll sergeant. You burn the gnoll sergeant.
You kill the gnoll sergeant!
You feel sick.
Unknown command.
You feel sick.
You feel sick.
You feel sick.
You feel sick.
You are no longer poisoned.
A centaur is nearby!
A centaur is nearby!
Casting: Stone Arrow (safe; 1% risk of failure)
Confirm with . or Enter, or press ? or * to list all spells.
Aiming: Stone Arrow (safe; 1% risk of failure)
Press: ? - help, Shift-Dir - straight line, f - centaur
Aim: a centaur (wandering, hasn't noticed you, 84% to hit)
The stone arrow hits the centaur!!
The centaur is almost dead.
The centaur shouts!
The centaur wields a +0 orcbow.
The centaur shoots an arrow.
The arrow hits you!!
* * * LOW HITPOINT WARNING * * *
Unknown command.
Casting: Stone Arrow (safe; 1% risk of failure)
Confirm with . or Enter, or press ? or * to list all spells.
Aiming: Stone Arrow (safe; 1% risk of failure)
Press: ? - help, Shift-Dir - straight line, f/p - centaur
Aim: a centaur, wielding a +0 orcbow (almost dead, 84% to hit)
You miscast Stone Arrow.
You are very lightly contaminated with residual magic.
Nothing appears to happen.
The centaur shoots an arrow.
The arrow hits you!
You die...
Your body crumbles into a pile of gold.

#..#.........#o...#.#####
######.#....##......#...#
#.+....##....##..#.#######
###....##......$.#......#c
#....####.#.####.#..#.#.
#....##.c...# #.....[#
###...#$#.#.# #......#
###.#.#...# #.#..#ยง#
#..#@##### #..o...#c
#..#$## ##$######
#.....#### #.$.!.#.
#........# #.#.#.#.
##.###...### #)...$#
####.# #.....###h#.#.h.
#....###..##..##.....##
####......###..#######
#..###.####.....###


You could see a centaur.

Vanquished Creatures
  A two-headed ogre (D:8)
  Joseph (D:6)
  The ghost of dogverified the Jinx, a novice FeEn (D:6)
  Jeremiah (D:7)
  A hornet (D:8)
  2 wyverns (D:8)
  A steam dragon (D:8)
  Edmund (D:4)
  5 orc warriors
  2 ice beasts
  An ogre (D:5)
  A black bear (D:8)
  A sky beast (D:8)
  3 phantoms
  Blork the orc (D:4)
  A kobold brigand (D:8)
  5 bullfrogs
  4 scorpions
  2 gnoll sergeants (D:8)
  5 killer bees (D:8)
  2 howler monkeys
  A jelly (D:5)
  A hound (D:7)
  3 bombardier beetles
  A gnoll bouda (D:7)
  Crazy Yiuf (D:6)
  5 orc priests
  7 iguanas
  8 orc wizards
  Robin (D:2)
  5 gnolls
  13 adders
  2 shadow imps
  3 white imps
  2 ufetubi (D:5)
  10 dart slugs
  4 ribbon worms
  24 orcs
  2 bats
  8 endoplasms
  21 giant cockroaches
  12 goblins
  6 hobgoblins
  4 jackals (D:2)
  5 quokkas
  10 ball pythons
  10 frilled lizards
  8 kobolds
  5 rats
224 creatures vanquished.

Notes
Turn   | Place    | Note
-------+----------+-------------------------------------------
     0 | D:1      | zenocrate the Octopode Earth Elementalist began the quest
                  | for the Orb.
     0 | D:1      | Reached XP level 1. HP: 11/11 MP: 3/3
   439 | D:1      | Reached XP level 2. HP: 13/17 MP: 5/5
   658 | D:2      | Noticed Robin
   671 | D:2      | Killed Robin
   673 | D:2      | Reached XP level 3. HP: 13/21 MP: 4/6
   682 | D:2      | HP: 1/21 [goblin/sling bullet[Robin] (2)]
   875 | D:2      | Learned a level 3 spell: Stone Arrow
  1069 | D:2      | Identified the +8 scimitar "Rifeuna" {flame, Int-2 Dex+4
                  | Stlth+}
  1076 | D:2      | Reached XP level 4. HP: 21/27 MP: 6/8
  1176 | D:2      | Reached skill level 1 in Unarmed Combat
  1176 | D:2      | Reached XP level 5. HP: 5/31 MP: 3/9
  1345 | D:2      | Found a faded altar of an unknown god.
  1517 | D:2      | Learned a level 4 spell: Petrify
  1694 | D:3      | You fall into a shaft and drop 3 floors!
  1740 | D:6      | Reached XP level 6. HP: 15/36 MP: 8/11
  2146 | D:5      | Entered Level 5 of the Dungeon
  2158 | D:6      | Reached XP level 7. HP: 39/41 MP: 7/12
  2395 | D:5      | Found a hide-covered altar of Uskayaw.
  2395 | D:5      | Found a shimmering altar of Xom.
  2415 | D:5      | Reached skill level 5 in Earth Magic
  2512 | D:5      | Found a staircase to the Ecumenical Temple.
  2526 | Temple   | Entered the Ecumenical Temple
  2674 | D:4      | Found a sacrificial altar of Ru.
  2718 | D:4      | Found Fiowk's Magic Scroll Shoppe.
  2780 | D:4      | Found a glowing drain.
  2790 | Sewer    | Entered a sewer
  2970 | Sewer    | Reached XP level 8. HP: 33/46 MP: 14/14
  3109 | Sewer    | Reached skill level 1 in Evocations
  3520 | D:4      | Found Pauck's Weapon Shoppe.
  3632 | D:4      | Reached skill level 1 in Long Blades
  3798 | D:4      | Learned a level 2 spell: Blink
  3825 | D:4      | Noticed Blork the orc
  3832 | D:4      | Killed Blork the orc
  3833 | D:4      | Reached skill level 5 in Spellcasting
  3834 | D:4      | Reached skill level 5 in Conjurations
  5098 | D:4      | Noticed Edmund
  5104 | D:4      | Killed Edmund
  5224 | D:4      | Bought a scroll of identify for 20 gold pieces
  5430 | D:6      | Found a runed translucent door.
  5431 | D:6      | Noticed Crazy Yiuf
  5464 | D:6      | Found a runed translucent door.
  5465 | D:6      | Noticed dogverified's ghost (novice FeEn)
  5709 | D:6      | Reached XP level 9. HP: 26/51 MP: 17/17
  5933 | D:6      | Found an opulent altar of Gozag.
  5934 | D:6      | Found a glowing silver altar of Zin.
  5998 | D:6      | Became a worshipper of Gozag Ym Sagoz the Greedy
  6198 | D:7      | Noticed Joseph
  6389 | D:6      | Killed Joseph
  7089 | D:7      | Noticed Jeremiah
  7277 | D:6      | Killed dogverified's ghost
  7361 | D:6      | Killed Crazy Yiuf
  7558 | D:7      | Killed Jeremiah
  7559 | D:7      | Reached skill level 5 in Evocations
  7687 | D:7      | Found a stormy altar of Qazlal.
  7993 | D:7      | Learned a level 3 spell: Mephitic Cloud
  8018 | D:8      | Reached XP level 10. HP: 36/57 MP: 19/19
  8021 | D:8      | Reached skill level 1 in Alchemy
  8210 | D:8      | Reached skill level 1 in Fighting
  8210 | D:8      | Reached skill level 1 in Air Magic
  8674 | D:8      | Noticed a centaur warrior
  8729 | D:8      | Reached skill level 5 in Long Blades
  9011 | D:8      | Noticed a two-headed ogre
  9017 | D:8      | Killed a two-headed ogre
  9208 | D:8      | Shot with an arrow by a centaur

Illustrated notes

Levels and vault maps discovered:
D:1:      dpeg_arrival_arbitrary_c, layout_basic, nicolae_titane
D:2:      minmay_door_path, layout_rooms,
          shapermc_ecumenical_altar_mp_urbaneastern, uniq_robin
D:3:      layout_basic, kennysheep_flooded_box
D:4:      layout_basic, nicolae_ru_path_of_blood, gup_sewer_entry_pipe,
          serial_shops, shop, shop, uniq_edmund, uniq_blork_the_orc
D:5:      mumra_celtic_spiral_tile, layout_rooms,
          nicolae_overflow_two_pavilions, minmay_temple_entry_stoned_glass,
          lemuel_flamethrower_1
D:6:      layout_loops_ring, grunt_temple_overflow_gold_and_silver,
          ebering_ghost_reflecting_pool, grunt_decor_fettered,
          minmay_misc_feat_tower, uniq_crazy_yiuf_cottage
D:7:      layout_cave_pods, mainiacjoe_overflow_alcove_2, uniq_jeremiah,
          uniq_joseph
D:8:      minmay_clustersquares, layout_basic, minmay_between
Temple:   nicolae_temple_superstar

Skill      XL: |  1  2  3  4  5  6  7  8  9 10 |
---------------+-------------------------------+-----
Conjurations   | 2 3 4 5 6 7 |  7.4
Spellcasting   | 3 4 5 6 |  6.2
Unarmed Combat | 1 2 3 |  3.5
Earth Magic    | 4 5 6 7 |  7.1
Evocations     | 3 5 |  5.0
Long Blades    | 2 4 5 |  5.4
Alchemy        | 3 |  3.6
Fighting       | 3 |  3.2
Air Magic      | 3 |  3.2
Dodging        | |  2.0
Stealth        | |  2.6

Action                     |  1- 3 |  4- 6 |  7- 9 | 10-12 || total
---------------------------+-------+-------+-------+-------++-------
  Melee: Unarmed           |    22 |       |       |       ||    22
         Constrict         |    13 |     7 |    53 |    11 ||    84
         Tentacles         |     7 |     2 |    36 |    15 ||    60
         Dagger            |    16 |     2 |       |       ||    18
         Scimitar          |       |    33 |   204 |    54 ||   291
   Cast: Sandblast         |    24 |    23 |    10 |       ||    57
         Stone Arrow       |       |       |     8 |    10 ||    18
 Invoke: Potion Petition   |       |       |       |     1 ||     1
  Evoke: Wand              |       |       |       |     1 ||     1
    Use: Potion            |     3 |       |       |     2 ||     5
         Scroll            |     3 |       |    11 |     1 ||    15
   Stab: Sleeping          |     3 |     8 |    27 |     4 ||    42
         Distracted        |       |       |     1 |     3 ||     4
 Armour: Skin              |    32 |    29 |   124 |    35 ||   220
  Dodge: Dodged            |    28 |    20 |   159 |    27 ||   234

Table legend: (Time is in decaauts)
 A = Elapsed time spent in this place.
 B = Non-inter-level travel time spent in this place.
 C = Inter-level travel time spent in this place.
 D = Time resting spent in this place.
 E = Time spent auto-exploring this place.
 F = Levels seen in this place.
 G = Mean time per level.
                   A        B        C        D        E       F      G
               +--------+--------+--------+--------+--------+-----+--------+
         Total |   9318 |   8937 |    381 |    206 |   7197 |  10 |  931.8 |
       Dungeon |   8787 |   8406 |    381 |    206 |   6847 |   8 | 1098.4 |
        Temple |     14 |     14 |      0 |      0 |     13 |   1 |   14.0 |
         Sewer |    515 |    515 |      0 |      0 |    337 |   1 |  515.0 |
               +--------+--------+--------+--------+--------+-----+--------+

Top non-repeatable levels by time:
     D:6: 1964 daAuts
     D:4: 1471 daAuts
     D:7: 1294 daAuts
     D:8: 1212 daAuts
     D:2: 920 daAuts
     D:3: 829 daAuts
     D:1: 623 daAuts
   Sewer: 515 daAuts
     D:5: 471 daAuts
  Temple: 14 daAuts
